 Seeded DCSS version 0.29.1-4-g47bece8355 (webtiles) character file.

Game seed: 3963285281921751823 (custom seed)

1072 GigaChad the Covered (level 8, -3/68 HPs)
             Began as a Minotaur Fighter on Dec 6, 2022.
             Killed by divine providence
             ... invoked by an orc priest
              (12 damage)
             ... on level 7 of the Dungeon.
             The game lasted 00:08:54 (6029 turns).

GigaChad the Covered (Minotaur Fighter)             Turns: 6029, Time: 00:08:54

Health: -3/68      AC: 14    Str: 23    XL:     8   Next: 7%
Magic:  7/7        EV:  8    Int:  5    God:
Gold:   259        SH:  4    Dex: 10    Spells: 7/7 levels left

rFire   . . .      SeeInvis .   B - +0 rapier of the Slime-mould {elec, rC+}
rCold   + . .      Faith    .   c - +0 buckler
rNeg    . . .      Spirit   .   E - +0 chain mail
rPois   .          Reflect  .   (helmet restricted)
rElec   .          Harm     .   (no cloak)
rCorr   .          Rampage  .   (no gloves)
Will    .....                   (no boots)
Stlth   ..........              (no amulet)
HPRegen 0.21/turn               m - +4 ring of protection
MPRegen 0.10/turn               (no ring)

@: lethally poisoned (-3 -> -17)
A: horns 2, retaliatory headbutt
a: no special abilities


You were on level 7 of the Dungeon.
You visited 1 branch of the dungeon, and saw 7 of its levels.

You collected 259 gold pieces.

Inventory:

Hand Weapons
 a - a +0 war axe
 t - a +3 spear
 u - the +6 flail "Bosul" {vorpal, Fragile rElec rPois Int-3}
   (You found it on level 3 of the Dungeon)

   It inflicts extra damage upon your enemies.
   Int:       It affects your intelligence (-3).
   rElec:     It insulates you from electricity.
   rPois:     It protects you from poison.
   Fragile:   It will be destroyed if unequipped.
 B - the +0 rapier of the Slime-mould (weapon) {elec, rC+}
   (You found it on level 5 of the Dungeon)

   It occasionally discharges a powerful burst of electricity upon striking a
   foe.
   rC:        It protects you from cold.
Missiles
 K - a throwing net
Armour
 b - a +0 scale mail
 c - a +0 buckler (worn)
 E - a +0 chain mail (worn)
Jewellery
 j - a ring of resist corrosion
 m - a +4 ring of protection (left hand)
 F - the ring of Pesuduig {rPois Will+}
   (You found it on level 5 of the Dungeon)

   [ring of willpower]

   rPois:     It protects you from poison.
   Will:      It increases your willpower.
Wands
 x - a wand of flame (16) (quivered)
 A - a wand of digging (5)
 G - a wand of roots (6)
Scrolls
 g - 5 scrolls of identify
 h - 4 scrolls of teleportation {unknown}
 i - 4 scrolls of immolation {unknown}
 k - a scroll of amnesia {unknown}
 l - 2 scrolls of noise {unknown}
 n - 2 scrolls of silence {unknown}
 o - 2 scrolls of blinking
 p - 2 scrolls of magic mapping {unknown}
 q - a scroll of vulnerability {unknown}
 r - 2 scrolls of fear {unknown}
 y - a scroll of enchant weapon {unknown}
 z - a scroll of enchant armour {unknown}
 H - a scroll of summoning {unknown}
 L - a scroll of poison {unknown}
 M - a scroll of acquirement {unknown}
Potions
 d - a potion of might
 e - 3 potions of lignification {unknown}
 f - 2 potions of flight {unknown}
 s - 2 potions of haste {unknown}
 v - a potion of attraction {unknown}
 w - a potion of cancellation {unknown}
 C - a potion of mutation {unknown}
 D - 2 potions of brilliance {unknown}
 I - a potion of heal wounds {unknown}
 J - a potion of invisibility {unknown}


   Skills:
 + Level 5.1 Fighting
 + Level 4.3 Short Blades
 + Level 6.5 Axes
 + Level 7.1 Armour
 + Level 1.7 Dodging
 + Level 1.0 Stealth
 + Level 4.4 Shields


You had 7 spell levels left.
You didn't know any spells.
Your spell library contained the following spells:

 Spells                   Type           Power      Damage    Failure   Level
 Inner Flame              Hex/Fire       0%         N/A       100%        3
 Ozocubu's Armour         Ice            0%         N/A       100%        3
 Animate Dead             Necr           0%         N/A       100%        4
 Cause Fear               Hex            0%         N/A       100%        4
 Fulminant Prism          Conj/Hex       0%         3d6       100%        4
 Metabolic Englaciation   Hex/Ice        0%         N/A       100%        5
 Ozocubu's Refrigeration  Ice            0%         4d7       100%        7
 Discord                  Hex            0%         N/A       100%        8


Dungeon Overview and Level Annotations

Branches:
Dungeon (7/15)
 Temple: D:4-7

Altars:
The Shining One

Shops:
D:4 [   D:5 *


Innate Abilities, Weirdness & Mutations

You have a pair of horns on your head.
You reflexively headbutt those who attack you in melee.


Message History

You kill the orc!
The orc barely misses you.
The orc priest invokes the aid of Beogh against you.
Beogh smites you!
You hit the orc.
The orc is severely wounded.
The scorpion stings you but does no damage.
The orc barely misses you. The orc hits you but does no damage.
You barely miss the orc.
The orc is severely wounded.
The scorpion stings you but does no damage.
The orc hits you but does no damage. The orc hits you with a +0 flail!
The orc priest looks braver for a moment.
You hit the orc.
You kill the orc!
The scorpion stings you but does no damage.
The orc hits you but does no damage.
The orc priest mumbles some strange prayers to Beogh against you.
Pain shoots through your body!
The scorpion stings you but does no damage.
The orc hits you but does no damage.
The orc priest hits you but does no damage.
The scorpion stings you.
Things that are here:
a +0 flail; 3 stones; a +0 club The scorpion attacks as you move away!
The scorpion stings you but does no damage.
The orc closely misses you.
The orc priest mumbles some strange prayers to Beogh against you.
Beogh smites you!
You hit the scorpion but do no damage. You headbutt the scorpion.
The scorpion is moderately wounded.
The scorpion stings you.
* * * LOW HITPOINT WARNING * * *
You are poisoned.
The scorpion poisons you! The orc hits you with a +0 flail.
* * * LOW HITPOINT WARNING * * *
The orc priest calls down the wrath of Beogh upon you.
Beogh smites you!
You die...

o<.......#...... ... #.. ...#..
.........#............##.. #.....
.........#....###.#...#..# #.....
..................##.....# .....
.........#.!......#...##.# #.#..
......##.#............#..####.#.#
...................###..[..#.....
................)o###............
................@s...........#...
.................o........#.##...
..........................#.#...<
#....##.$......................##
...................##..........##
.####..†........##..........#..##
. #............#..........##.##
#............ ........(..##..#
.........o...... ### .....


You could see a scorpion, an orc priest and an orc.

Vanquished Creatures
  A steam dragon (D:7)
  A phantom (D:6)
  Blork the orc (D:4)
  A necrophage (D:5)
  A scorpion (D:3)
  3 wights (D:6)
  2 orc priests (D:5)
  A hound (D:4)
  A jelly (D:7)
  Jessica (D:3)
  5 iguanas
  2 orc wizards
  4 gnolls (D:6)
  8 adders
  A dart slug (D:4)
  21 orcs
  2 endoplasms (D:3)
  5 giant cockroaches
  6 goblins
  7 hobgoblins
  3 jackals (D:1)
  2 quokkas
  7 ball pythons
  A frilled lizard (D:1)
  3 kobolds
  4 rats
94 creatures vanquished.

Vanquished Creatures (others)
  A bullfrog (D:7)
  6 plants (D:4)
7 creatures vanquished.

Grand Total: 101 creatures vanquished

Notes
Turn   | Place    | Note
-------+----------+-------------------------------------------
     0 | D:1      | GigaChad the Minotaur Fighter began the quest for the Orb.
     0 | D:1      | Reached XP level 1. HP: 19/19 MP: 0/0
   223 | D:1      | Reached XP level 2. HP: 27/27 MP: 1/1
   339 | D:1      | Reached skill level 4 in Armour
   620 | D:1      | Found a faded altar of an unknown god.
   886 | D:2      | Reached XP level 3. HP: 27/33 MP: 2/2
  1190 | D:3      | Noticed a scorpion
  1202 | D:3      | Killed a scorpion
  1203 | D:3      | Reached XP level 4. HP: 31/40 MP: 3/3
  1463 | D:3      | Noticed Jessica
  1481 | D:3      | Killed Jessica
  1482 | D:3      | Reached XP level 5. HP: 47/47 MP: 4/4
  1485 | D:3      | Identified the +6 flail "Bosul" {vorpal, Fragile rElec
                  | rPois Int-3}
  1541 | D:4      | Noticed Blork the orc
  1554 | D:4      | Killed Blork the orc
  1555 | D:4      | Reached skill level 5 in Axes
  1555 | D:4      | Reached skill level 1 in Dodging
  1736 | D:4      | Found a glowing golden altar of the Shining One.
  1960 | D:4      | Reached skill level 5 in Armour
  1960 | D:4      | Reached XP level 6. HP: 48/53 MP: 5/5
  2040 | D:4      | Found Kelabuck's Armour Emporium.
  2443 | D:5      | Entered Level 5 of the Dungeon
  2556 | D:5      | Identified the +0 rapier of the Slime-mould {elec, rC+}
  2582 | D:5      | Found Sydearod's Assorted Antiques.
  2844 | D:5      | Identified the ring of Pesuduig {rPois Will+}
  2992 | D:5      | Reached skill level 1 in Short Blades
  3465 | D:6      | Reached XP level 7. HP: 34/60 MP: 6/6
  3749 | D:6      | Got the Cyclopedia of Loathsome Fascination
  4490 | D:6      | Reached skill level 6 in Armour
  4498 | D:6      | Reached skill level 1 in Stealth
  4560 | D:6      | Reached skill level 5 in Fighting
  5544 | D:7      | Noticed a steam dragon
  5555 | D:7      | Killed a steam dragon
  5556 | D:7      | Reached skill level 7 in Armour
  5556 | D:7      | Reached XP level 8. HP: 20/68 MP: 7/7
  6029 | D:7      | Killed from afar by an orc priest

Illustrated notes

Levels and vault maps discovered:
D:1:      dpeg_arrival_fog, layout_rooms, shapermc_ecumenical_altar_pompeii,
          serial_bayou_pond_e, minmay_quantized
D:2:      layout_rooms, uniq_sigmund
D:3:      layout_rooms, uniq_jessica
D:4:      layout_cave_pools, tso_altar, serial_shops,
          nicolae_shop_advertising_works [nicolae_subvault_shop_adworks],
          serial_bayou, serial_bayou_shore_a, serial_bayou_pond_a,
          serial_bayou_lake_a, serial_bayou_shore_b, uniq_blork_the_orc
D:5:      layout_basic, serial_shops, shop
D:6:      layout_basic
D:7:      layout_cave_pools, temple_statues

Skill      XL: |  1  2  3  4  5  6  7 |
---------------+----------------------+-----
Armour         | 4 5 7 |  7.1
Axes           | 3 4 5 6 |  6.5
Fighting       | 4 5 |  5.1
Shields        | 4 |  4.4
Dodging        | 1 |  1.7
Short Blades   | 1 4 |  4.3
Stealth        | 1 |  1.0

Action                   |  1- 3 |  4- 6 |  7- 9 || total
-------------------------+-------+-------+-------++-------
Melee: War axe           |    60 |    46 |       ||   106
       Headbutt          |     6 |    11 |    21 ||    38
       Rapier            |       |    48 |    98 ||   146
  Use: Scroll            |       |       |     2 ||     2
Armor: Scale mail        |    56 |    44 |       ||   100
       Chain mail        |       |    20 |    61 ||    81
Dodge: Dodged            |    53 |    54 |    27 ||   134
Block: Buckler           |    18 |    19 |    10 ||    47
